 Dungeon Crawl Stone Soup version 0.29-a0-322-g68df515428 (webtiles) character file.

Game seed: 10758120900762905396

310 bande the Chopper (level 6, -3/38 HPs)
             Began as a Gargoyle Fighter on Apr 7, 2022.
             Slain by an orc warrior
             ... wielding a +0 morningstar
              (14 damage)
             ... on level 7 of the Dungeon.
             The game lasted 00:04:36 (3368 turns).

bande the Chopper (Gargoyle Fighter)                Turns: 3368, Time: 00:04:36

Health: -3/38      AC: 15    Str: 19    XL:     6   Next: 41%
Magic:  6/6        EV: 13    Int:  9    God:
Gold:   243        SH:  0    Dex: 11    Spells: 5/5 levels left

rFire   . . .      SeeInvis .   a - +0 war axe
rCold   . . .      Faith    .   c - +0 buckler
rNeg    + . .      Spirit   .   b - +0 scale mail
rPois   ∞          Reflect  +   (no helmet)
rElec   +          Harm     .   (no cloak)
rCorr   .          Rampage  .   (no gloves)
Will    .....                   (no boots)
Stlth   ..........              m - amulet of reflection
HPRegen 0.12/turn               g - +4 ring of protection
MPRegen 0.10/turn               i - +4 ring of evasion

@: confused, mighty, ambrosia-drunk
A: sickness immunity, AC +4, negative energy resistance 1, electricity
resistance, torment resistance 1, petrification resistance
a: no special abilities


You were on level 7 of the Dungeon.
You visited 1 branch of the dungeon, and saw 5 of its levels.

You collected 243 gold pieces.

Inventory:

Hand Weapons
 a - a +0 war axe (weapon)
 e - a +0 flail
Armour
 b - a +0 scale mail (worn)
 c - a +0 buckler (worn)
Jewellery
 f - a +6 ring of strength
 g - a +4 ring of protection (left hand)
 i - a +4 ring of evasion (right hand)
 m - an amulet of reflection (around neck)
Scrolls
 j - 2 scrolls of teleportation
Potions
 l - a potion of curing


   Skills:
 + Level 4.1 Fighting
 + Level 4.6 Axes
 + Level 4.5 Armour
 - Level 0.2 Stealth
 + Level 3.8 Shields


You had 5 spell levels left.
You didn't know any spells.
Your spell library contained the following spells:

 Spells                   Type           Power      Damage    Failure   Level
 Magic Dart               Conj           0%         1d3       83%         1
 Shock                    Conj/Air       0%         1d3       83%         1
 Call Imp                 Summ           0%         N/A       92%         2
 Mephitic Cloud           Conj/Pois/Air  0%         N/A       99%         3
 Stone Arrow              Conj/Erth      0%         3d7       99%         3
 Swiftness                Air            0%         N/A       99%         3
 Airstrike                Air            0%         N/A       100%        4
 Animate Armour           Summ/Erth      0%         N/A       100%        4
 Lehudib's Crystal Spear  Conj/Erth      0%         10d2      100%        8


Dungeon Overview and Level Annotations

Branches:
Dungeon (4/15)
 Temple: D:4-7

Altars:

Shops:
D:3 :


Innate Abilities, Weirdness & Mutations

You are immune to sickness and miasma.
Your stone body is resilient. (AC +4)
You are immune to poison.
You resist negative energy. (rN+)
You are resistant to electric shocks. (rElec)
You are resistant to unholy torment.
You are immune to petrification.


Message History

You closely miss the orc warrior.
The orc warrior is heavily wounded.
The orc warrior hits you but does no damage.
You feel better. You block the orc warrior's attack.
You feel very mighty all of a sudden.
The orc warrior hits you with a +0 morningstar.
You closely miss the orc warrior.
The orc warrior is heavily wounded.
You block the orc warrior's attack.
Unknown command.
You barely miss the orc warrior.
The orc warrior is heavily wounded.
The orc warrior barely misses you. The orc warrior closely misses you.
You barely miss the orc warrior.
The orc warrior is heavily wounded.
An orc wizard appears from thin air!
Reactivating autopickup.
The orc wizard gestures wildly while chanting.
The orc wizard flickers and vanishes!
Deactivating autopickup; reactivate with Ctrl-A.
The orc warrior hits you with a +0 morningstar!
You hit the orc warrior.
The orc warrior is severely wounded.
The orc warrior hits you with a +0 morningstar!
* * * LOW HITPOINT WARNING * * *
Unknown command.
You barely miss the orc warrior.
The orc warrior is severely wounded.
You block the orc warrior's attack. x2
Unknown command.
You barely miss the orc warrior.
The orc warrior is severely wounded.
The orc warrior hits you with a +0 morningstar!
* * * LOW HITPOINT WARNING * * *
Unknown command.
You are confused.
You feel invigorated. The orc warrior closely misses you.
You bump into the stone wall.
The orc warrior hits you with a +0 morningstar!
You die...

#############
#..o{o@.....#
#...o######.#
####....######.
#..............
#..............
#.........##..
####..o#### .
#...## #....##


You could see an orc warrior and 2 orcs.

Vanquished Creatures
  2 kobold brigands (D:3)
  A hound (D:7)
  An orc priest (D:3)
  An iguana (D:4)
  An adder (D:4)
  A worm (D:3)
  A dart slug (D:3)
  6 orcs (D:3)
  2 bats (D:2)
  5 endoplasms
  A giant cockroach (D:1)
  5 goblins
  4 hobgoblins
  5 jackals
  2 quokkas
  8 ball pythons
  3 frilled lizards
  10 kobolds (D:3)
  6 rats
  A spectral goblin (D:1)
66 creatures vanquished.

Notes
Turn   | Place    | Note
-------+----------+-------------------------------------------
     0 | D:1      | bande the Gargoyle Fighter began the quest for the Orb.
     0 | D:1      | Reached XP level 1. HP: 14/14 MP: 1/1
   236 | D:1      | Found a faded altar of an unknown god.
   544 | D:2      | Reached XP level 2. HP: 19/19 MP: 2/2
   885 | D:2      | Reached XP level 3. HP: 23/23 MP: 3/3
  1291 | D:3      | Reached XP level 4. HP: 24/29 MP: 4/4
  1755 | D:3      | Found Axkala's Book Shoppe.
  2249 | D:3      | Noticed a kobold brigand
  2432 | D:3      | Killed a kobold brigand
  2433 | D:3      | Reached XP level 5. HP: 20/33 MP: 5/5
  2748 | D:3      | Noticed a kobold brigand
  2765 | D:3      | Killed a kobold brigand
  2766 | D:3      | Reached XP level 6. HP: 28/38 MP: 6/6
  3313 | D:4      | You fall into a shaft and drop 3 floors!
  3324 | D:7      | Noticed an orc warrior
  3368 | D:7      | Slain by an orc warrior

Illustrated notes

Levels and vault maps discovered:
D:1:      dpeg_arrival_shrine, layout_basic,
          dreamdust_ecumenical_altar_drowned_temple
D:2:      layout_loops_ring
D:3:      cheibrodos_thug_alley, layout_basic, serial_shops, shop,
          minmay_increasing_density
D:4:      layout_loops_ring
D:7:      layout_loops_corners, amcnicky_mini_rare_corridor_liquid,
          grunt_ministairs_12, item_on_display_a

Skill      XL: |  1  2  3  4  5 |
---------------+----------------+-----
Axes           | 2 3 4 |  4.6
Armour         | 4 |  4.5
Fighting       | 4 |  4.1
Stealth        | |  0.2
Shields        | |  3.8

Action                   |  1- 3 |  4- 6 || total
-------------------------+-------+-------++-------
Melee: War axe           |    65 |   130 ||   195
  Use: Scroll            |     8 |     3 ||    11
       Potion            |       |     3 ||     3
Armor: Scale mail        |    38 |    54 ||    92
Dodge: Dodged            |    36 |    77 ||   113
Block: Buckler           |    10 |    38 ||    48
       Reflection        |       |     1 ||     1

Table legend: (Time is in decaauts)
 A = Elapsed time spent in this place.
 B = Non-inter-level travel time spent in this place.
 C = Inter-level travel time spent in this place.
 D = Time resting spent in this place.
 E = Time spent auto-exploring this place.
 F = Levels seen in this place.
 G = Mean time per level.
                   A        B        C        D        E       F      G
               +--------+--------+--------+--------+--------+-----+--------+
         Total |   3456 |   3394 |     62 |    443 |   2357 |   5 |  691.2 |
       Dungeon |   3456 |   3394 |     62 |    443 |   2357 |   5 |  691.2 |
               +--------+--------+--------+--------+--------+-----+--------+

Top non-repeatable levels by time:
     D:3: 1971 daAuts
     D:2: 740 daAuts
     D:1: 556 daAuts
     D:4: 125 daAuts
     D:7: 62 daAuts
